 Dungeon Crawl Stone Soup version 0.31-a0-496-g6f97920a28 (webtiles) character file.

Game seed: 7432473068587491546

143 pokeman the Magician (level 5, -1/29 HPs)
             Began as a Deep Elf Hedge Wizard on Aug 9, 2023.
             Constricted to death by Ijyb (6 damage)
             ... on level 3 of the Dungeon.
             The game lasted 00:05:19 (2348 turns).

pokeman the Magician (Deep Elf Hedge Wizard)        Turns: 2348, Time: 00:05:19

Health: -1/29      AC:  2    Str:  7    XL:     5   Next: 4%
Magic:  6/15       EV: 10    Int: 21    God:
Gold:   66         SH:  0    Dex: 14    Spells: 8/16 levels left

rFire   . . .        k - +2 shortbow (drain)
rCold   . . .        (shield currently unavailable)
rNeg    . . .        b - +0 robe
rPois   .            c - +0 hat
rElec   .            (no cloak)
rCorr   +            (no gloves)
SInv    .            (no boots)
Will    .....        (no amulet)
Stlth   ++           i - ring of resist corrosion
HPRegen 0.24/turn    (no ring)
MPRegen 0.14/turn

%: no passive effects
@: grasped by roots, very slightly contaminated, constricted
A: no striking features
a: no special abilities


You were on level 3 of the Dungeon.
You visited 1 branch of the dungeon, and saw 3 of its levels.
You also visited: Sewer.

You collected 66 gold pieces.

Inventory:

Hand Weapons
 k - a +2 shortbow of draining (weapon)
Armour
 b - a +0 robe (worn)
 c - a +0 hat (worn)
Jewellery
 i - a ring of resist corrosion (left hand)
Scrolls
 e - 2 scrolls of fog {unknown}
 f - 3 scrolls of identify {unknown}
 g - a scroll of fear {unknown}
 h - a scroll of amnesia {unknown}
 l - 3 scrolls of teleportation {unknown}
 p - a scroll of noise {unknown}
 q - a scroll of blinking {unknown}
 s - a scroll of butterflies {unknown}
Potions
 a - a potion of mutation {unknown}
 d - 2 potions of magic
 j - a potion of invisibility {unknown}
 m - a potion of curing {unknown}
 n - a potion of lignification {unknown}
 o - 3 potions of attraction {unknown}
 r - 2 potions of degeneration {unknown}


   Skills:
 - Level 1.0 Fighting
 - Level 1.0 Armour
 - Level 3.0 Dodging
 - Level 3.0 Stealth
 * Level 6.0 Spellcasting
 + Level 2.5 Conjurations
 - Level 1.1 Summonings
 - Level 1.1 Translocations
 + Level 0.0 Air Magic
 + Level 0.3 Poison Magic


You had 8 spell levels left.
You knew the following spells:

 Your Spells              Type           Power      Damage    Failure   Level
a - Magic Dart            Conj           64%        1d6       3%          1
b - Mephitic Cloud        Conj/Pois/Air  10%        N/A       21%         3
c - Call Imp              Summ           22%        N/A       10%         2
d - Blink                 Tloc           22%        N/A       10%         2

Your spell library contained the following spells:

 Spells                   Type           Power      Damage    Failure   Level
 Slow                     Hex            24%        N/A       10%         1
 Cigotuvi's Dreadful Rot  Necr/Pois/Air  12%        N/A       14%         2


Dungeon Overview and Level Annotations

Branches:
Dungeon (3/15)              Sewer (visited)

Altars:

Annotations:
D:3 Ijyb


Message History

There is a gate leading back out of this place here.
You see here a river rat skeleton.
Done exploring.
Welcome back to the Dungeon!
There is a collapsed entrance here.
You enter the shallow water.
Moving in this stuff is going to be slow.
Found 4 stones and a mace.
o - 3 black potions (gained 2) Ijyb the Twisted Goblin comes into view.
She is wielding a +0 dagger and carrying a wand of roots.
Ijyb zaps a wand.
The roots erupt in riotous growth!
The grasping roots grab you! The grasping roots constrict you.
Casting: Magic Dart (safe; 3% risk of failure)
Confirm with . or Enter, or press ? or * to list all spells.
Aiming: Mephitic Cloud (quite dangerous; 21% risk of failure)
Press: ? - help, Shift-Dir - straight line, f - Ijyb
Aim: Ijyb, wielding a +0 dagger, wearing a +0 ring mail and carrying a wand of roots (chance to affect: 86%)
The ball explodes into a vile cloud!
The stinking cloud engulfs Ijyb but does no damage.
Ijyb is engulfed in noxious fumes.
The roots lose their grip on you.
Casting: Mephitic Cloud (quite dangerous; 21% risk of failure)
Confirm with . or Enter, or press ? or * to list all spells.
Aiming: Mephitic Cloud (quite dangerous; 21% risk of failure)
Press: ? - help, Shift-Dir - straight line, f/p - Ijyb
Aim: Ijyb, wielding a +0 dagger, wearing a +0 ring mail and carrying a wand of roots (chance to affect: 86%)
You miscast Mephitic Cloud.
You are very lightly contaminated with residual magic.
Energy rips through your body! Ijyb hits you with a +0 dagger.
Casting: Mephitic Cloud (quite dangerous; 21% risk of failure)
Confirm with . or Enter, or press ? or * to list all spells.
Aiming: Mephitic Cloud (quite dangerous; 21% risk of failure)
Press: ? - help, Shift-Dir - straight line, f/p - Ijyb
Aim: Ijyb, wielding a +0 dagger, wearing a +0 ring mail and carrying a wand of roots (chance to affect: 86%)
You miscast Mephitic Cloud.
Energy rips through your body!
* * * LOW HITPOINT WARNING * * *
Ijyb zaps a wand.
The roots erupt in riotous growth!
The grasping roots grab you!
Ijyb is unaffected.
The grasping roots constrict you.
You die...

.#..# ~##.# ~##.#
~##.# #########
~##.# #...)...##
~##.#### #........
~#.....###..####.#
~#...#........##.###
~#.#.#####..#...@..#
~#.#.# #..####g#.#
.#.#.# #...( ......
#.##.# ##......#.###
#.##.# #####.#....
.....# .### ...
#.#### # ##.. .#.##
.. ###.#


You could see Ijyb.

Vanquished Creatures
  A hell rat (Sewer)
  2 adders
  5 river rats (Sewer)
  A dart slug (D:2)
  4 orcs (D:3)
  3 ball pythons
  4 bats
  3 endoplasms
  5 giant cockroaches
  5 hobgoblins
  3 jackals (D:1)
  4 quokkas
  3 frilled lizards (D:1)
  2 kobolds
  7 rats
52 creatures vanquished.

Notes
Turn   | Place    | Note
-------+----------+-------------------------------------------
     0 | D:1      | pokeman the Deep Elf Hedge Wizard began the quest for the
                  | Orb.
     0 | D:1      | Reached XP level 1. HP: 10/10 MP: 7/7
   269 | D:1      | Reached XP level 2. HP: 15/15 MP: 6/9
   725 | D:1      | Found a faded altar of an unknown god.
   999 | D:2      | Reached skill level 5 in Spellcasting
  1364 | D:2      | Reached XP level 3. HP: 20/20 MP: 9/11
  1368 | D:2      | Learned a level 3 spell: Mephitic Cloud
  1371 | D:2      | Learned a level 2 spell: Call Imp
  1374 | D:2      | Learned a level 2 spell: Blink
  1959 | D:3      | Reached skill level 1 in Armour
  1965 | D:3      | Reached skill level 1 in Fighting
  2055 | D:3      | Found a glowing drain.
  2069 | D:3      | Reached XP level 4. HP: 22/25 MP: 10/13
  2076 | Sewer    | Entered a sewer
  2232 | Sewer    | Reached skill level 6 in Spellcasting
  2232 | Sewer    | Reached XP level 5. HP: 26/29 MP: 8/15
  2344 | D:3      | Noticed Ijyb
  2348 | D:3      | Constricted to death by Ijyb

Illustrated notes

Levels and vault maps discovered:
D:1:      elethiomel_arrival_quiet, layout_basic,
          hellmonk_ecumenical_altar_pennies_from_heaven
D:2:      layout_loops_corners
D:3:      layout_loops_cross, portal_sewer_entry_f, uniq_ijyb

Skill      XL: |  1  2  3  4 |
---------------+-------------+-----
Spellcasting   | 5 6 |  6.0
Armour         | 1 |  1.0
Fighting       | 1 |  1.0
Conjurations   | 2 |  2.5
Stealth        | 3 |  3.0
Dodging        | 3 |  3.0
Summonings     | |  1.1
Translocations | |  1.1
Poison Magic   | |  0.3

Action                     |  1- 3 |  4- 6 || total
---------------------------+-------+-------++-------
  Melee: Dagger            |    20 |       ||    20
   Fire: Shortbow          |    29 |    40 ||    69
   Cast: Magic Dart        |    72 |     4 ||    76
         Mephitic Cloud    |     1 |     6 ||     7
         Blink             |     1 |       ||     1
 Armour: Robe              |    18 |     4 ||    22
  Dodge: Dodged            |    37 |    27 ||    64

Table legend: (Time is in decaauts)
 A = Elapsed time spent in this place.
 B = Non-inter-level travel time spent in this place.
 C = Inter-level travel time spent in this place.
 D = Time resting spent in this place.
 E = Time spent auto-exploring this place.
 F = Levels seen in this place.
 G = Mean time per level.
                   A        B        C        D        E       F      G
               +--------+--------+--------+--------+--------+-----+--------+
         Total |   2392 |   2334 |     58 |      9 |   1960 |   4 |  598.0 |
       Dungeon |   2127 |   2069 |     58 |      9 |   1784 |   3 |  709.0 |
         Sewer |    265 |    265 |      0 |      0 |    175 |   1 |  265.0 |
               +--------+--------+--------+--------+--------+-----+--------+

Top non-repeatable levels by time:
     D:2: 1126 daAuts
     D:1: 848 daAuts
   Sewer: 265 daAuts
     D:3: 151 daAuts
